 Dungeon Sprint DCSS version 0.21-a0-361-g4efd3f9 (webtiles) character file.

18 Kidiri the Skirmisher (level 2, -2/28 HPs)
             Began as a Draconian Berserker on Oct 13, 2017.
             Was a Believer of Trog.
             Slain by a worm (11 damage)
             ... in the Dungeon (Sprint VII: "The Pits").
             The game lasted 00:01:17 (263 turns).

Kidiri the Skirmisher (Draconian Berserker)          Turns: 263, Time: 00:01:18

Health: -2/28      AC:  4    Str: 19    XL:     2   Next: 48%
Magic:  2/2        EV: 13    Int:  7    God:    Trog [**....]
Gold:   0          SH:  0    Dex: 10    Spells: 1/1 levels left

rFire    . . .     SeeInvis .   a - +2 mace
rCold    . . .     Gourm    .   (no shield)
rNeg     . . .     Faith    .   (armour unavailable)
rPois    .         Spirit   .   (helmet restricted)
rElec    .         Reflect  .   (no cloak)
rCorr    .         Harm     .   (no gloves)
MR       .....     NoTele   +   (no boots)
Stlth    +.........             (no amulet)
HPRegen  0.09/turn              (no ring)
MPRegen  0.08/turn              (no ring)

@: no status effects
A: unfitting armour, cold-blooded, AC +4
a: Berserk, Trog's Hand, Burn Spellbooks, Renounce Religion


You were in the Dungeon.
You worshipped Trog.
Trog was pleased with you.
You were not hungry.

You visited 1 branch

Inventory:

Hand Weapons
 a - a +2 mace (weapon)
Scrolls
 h - a scroll of blinking
 j - 3 scrolls of remove curse
 k - a scroll of summoning
Potions
 c - a potion of curing
 d - a potion of heal wounds
 e - a potion of haste
 f - 4 potions of magic
 g - 3 potions of berserk rage
 i - 2 potions of invisibility
Comestibles
 b - 8 bread rations
 l - 40 fruits
 m - 7 meat rations
 n - a chunk of flesh


   Skills:
 + Level 4.7 Fighting
 + Level 4.2 Maces & Flails
 + Level 3.6 Dodging


You had one spell level left.
You didn't know any spells.

Dungeon Overview and Level Annotations

Branches:
Dungeon (1/1)

Altars:
Ashenzari
Cheibriados
Dithmenos
Elyvilon
Fedhas
Gozag
Hepliaklqana
Kikubaaqudgha
Makhleb
Nemelex Xobeh
Okawaru
Qazlal
Ru
Sif Muna
Trog
Uskayaw
Vehumet
Wu Jian
Xom
Yredelemnul
Zin
The Shining One
Beogh
Jiyva
Lugonu

Annotations:
D exclusions: 6 doors and 6 more exclusions


Innate Abilities, Weirdness & Mutations

Your plain brown scales are hard. (AC +4)
You cannot fit into any form of body armour.
You are cold-blooded and may be slowed by cold attacks.


Message History

The worm is severely wounded.
The leopard gecko misses you. The worm bites you.
The leopard gecko closely misses you.
Unknown command.
You hit the worm.
Your tail-slap misses the worm.
The worm is almost dead.
The leopard gecko bites you. The worm bites you but does no damage.
Unknown command.
You hit the worm.
The worm is almost dead.
The leopard gecko bites you. The worm bites you! The leopard gecko bites you.
You closely miss the leopard gecko.
The leopard gecko is severely wounded.
The leopard gecko barely misses you.
Unknown command.
You closely miss the leopard gecko.
The leopard gecko is severely wounded.
The leopard gecko misses you. x2; The worm bites you!
You die...

#.?(.+)))+.##......#..#.
##########.##...........
#...........'...........
#+#####'#####......#..#.
#. #...'.##...........
#..#...#.#####+#####++
#..#####.##.......#
#..'w.)#.##.......#
#..rl@.'.##.......#
#..########...<...# #..
#.......# #. #.......#
## #.......# #########


You could see a worm, a river rat and a leopard gecko.

Vanquished Creatures
  An ufetubus (D)
  An ooze (D)
  An adder skeleton (D)
  An orc (D)
  A bat skeleton (D)
  A ball python (D)
6 creatures vanquished.

Notes
Turn   | Place    | Note
-------+----------+-------------------------------------------
     0 | D        | Kidiri the Draconian Berserker began the quest for the Orb.
     0 | D        | Reached XP level 1. HP: 19/19 MP: 1/1
    61 | D        | Found a bloodstained altar of Trog.
    61 | D        | Found a deep blue altar of Sif Muna.
    61 | D        | Found a viscous altar of Jiyva.
    61 | D        | Found a hazy altar of Hepliaklqana.
    61 | D        | Found an opulent altar of Gozag.
    62 | D        | Found a glowing golden altar of the Shining One.
    62 | D        | Found a glowing silver altar of Zin.
    62 | D        | Found a basalt altar of Yredelemnul.
    62 | D        | Found a shimmering altar of Xom.
    62 | D        | Found an ornate altar of the Wu Jian Council.
    62 | D        | Found a sacrificial altar of Ru.
    62 | D        | Found a stormy altar of Qazlal.
    62 | D        | Found an iron altar of Okawaru.
    62 | D        | Found a sparkling altar of Nemelex Xobeh.
    62 | D        | Found a burning altar of Makhleb.
    62 | D        | Found a blossoming altar of Fedhas.
    62 | D        | Found a white marble altar of Elyvilon.
    62 | D        | Found a shadowy altar of Dithmenos.
    62 | D        | Found a snail-covered altar of Cheibriados.
    64 | D        | Found a radiant altar of Vehumet.
    64 | D        | Found a corrupted altar of Lugonu.
    64 | D        | Found a roughly hewn altar of Beogh.
    65 | D        | Found a hide-covered altar of Uskayaw.
    65 | D        | Found an ancient bone altar of Kikubaaqudgha.
    65 | D        | Found a shattered altar of Ashenzari.
    84 | D        | Reached ** piety under Trog
   203 | D        | Reached XP level 2. HP: 24/28 MP: 2/2
   263 | D        | Slain by a worm

Vault maps used:
D:        pitsprint

Skill      XL: |  1 |
---------------+----+-----
Dodging        | 3 |  3.6
Fighting       | 4 |  4.7
Maces & Flails | 4 |  4.2

Action                   || total
-------------------------++-------
Melee: Mace              ||    23
       Tailslap          ||     2
Armor: Skin              ||    11
Dodge: Dodged            ||    32

Table legend:
 A = Spawn XP
 B = Non-spawn XP
 C = Spawn XP percentage of total XP
 D = Spawn monster count
 E = Non-spawn monster count
 F = Spawn count percentage of total count
 G = Total turns spent on level
                    A         B        C        D         E        F      G
               +---------+---------+-------+---------+---------+-------+---------
         Total |       0 |      26 |   0.0 |       0 |       6 |   0.0 |   263
               +---------+---------+-------+---------+---------+-------+---------
             D |       0 |      26 |   0.0 |       0 |       6 |   0.0 |   263
               +---------+---------+-------+---------+---------+-------+---------
